 Dungeon Crawl Stone Soup version 0.21.1-1-g345015fe64 (webtiles) character file.

579 Mrkan the Slasher (level 7, 0/61 HPs)
             Began as a Minotaur Fighter on May 4, 2018.
             Slain by a gnoll
             ... wielding a +0 spear
              (9 damage)
             ... on level 4 of the Dungeon.
             The game lasted 00:06:11 (2837 turns).

Mrkan the Slasher (Minotaur Fighter)                Turns: 2837, Time: 00:06:11

Health: 0/61       AC:  6    Str: 22    XL:     7   Next: 13%
Magic:  6/6        EV:  7    Int:  5    God:
Gold:   163        SH:  9    Dex: 10    Spells: 6/6 levels left

rFire    . . .     SeeInvis .   a - +0 long sword
rCold    . . .     Gourm    .   c - +0 shield
rNeg     . . .     Faith    .   b - +0 scale mail
rPois    .         Spirit   .   (helmet restricted)
rElec    .         Reflect  .   (no cloak)
rCorr    .         Harm     .   (no gloves)
MR       .....                  (no boots)
Stlth    ..........             (no amulet)
HPRegen  0.20/turn              (no ring)
MPRegen  0.10/turn              (no ring)

@: heavily drained
A: retaliatory headbutt, horns 2
a: no special abilities


You were on level 4 of the Dungeon.
You were not hungry.

You visited 1 branch of the dungeon, and saw 4 of its levels.

You collected 163 gold pieces.

Inventory:

Hand Weapons
 a - a +0 long sword (weapon)
 p - a +3 scythe of slicing
Armour
 b - a +0 scale mail (worn)
 c - a +0 shield (worn)
 k - a +0 pair of gloves
 u - a +0 chain mail
Jewellery
 j - an uncursed amulet of rage {unknown}
Wands
 t - a wand of flame (21)
Scrolls
 i - 5 scrolls of enchant armour {unknown}
 m - 5 scrolls of identify {unknown}
 n - 2 scrolls of remove curse {unknown}
 q - a scroll of fog {unknown}
 s - 4 scrolls of teleportation {unknown}
 v - a scroll of noise {unknown}
Potions
 d - a potion of might
 e - 2 potions of degeneration {unknown}
 g - a potion of invisibility {unknown}
 h - a potion of brilliance {unknown}
 l - 2 potions of agility {unknown}
 o - a potion of heal wounds
 r - a potion of magic {unknown}
Comestibles
 f - 3 rations


   Skills:
 + Level 5.0(2.7) Fighting
 + Level 6.2(3.8) Long Blades
 + Level 5.8(3.5) Armour
 + Level 1.1(0.0) Dodging
 + Level 0.2(0.0) Stealth
 + Level 5.2(2.9) Shields


You had 6 spell levels left.
You didn't know any spells.

Dungeon Overview and Level Annotations

Branches:
Dungeon (4/15)
 Temple: D:4-7

Altars:


Innate Abilities, Weirdness & Mutations

You reflexively headbutt those who attack you in melee.
You have a pair of horns on your head.


Message History

You block the gnoll's attack.
You hit the orc but do no damage.
The gnoll hits you from afar with a spear.
You block the orc's attack.
The gnoll hits you from afar with a halberd.
You block the gnoll's attack.
You barely miss the orc. You headbutt the orc, but do no damage.
The orc hits you with a mace of crushing.
You block the gnoll's attack. x2; The orc closely misses you.
You hit the orc. Your headbutt misses the orc.
The orc is lightly wounded.
The gnoll barely misses you.
The gnoll hits you from afar with a spear.
You block the orc's attack.
You hit the orc but do no damage. You headbutt the orc.
The orc is almost dead.
The gnoll hits you from afar with a halberd!
* * * LOW HITPOINT WARNING * * *
The gnoll hits you from afar with a spear!
You die... ##### #<.@# ###o# gg#

...( ......
........
#.........
...........


You could see 2 gnolls and an orc.

Vanquished Creatures
  Sigmund (D:3)
  The ghost of Mrkan the Shield-Bearer, an amateur GrFi (D:3)
  A howler monkey (D:2)
  Jessica (D:3)
  Ijyb (D:3)
  Terence (D:3)
  Natasha (thrice) (D:3)
  A hound zombie (D:3)
  A gnoll (D:4)
  3 adders
  An ooze (D:3)
  2 dart slugs
  A leopard gecko (D:2)
  5 orcs (D:3)
  2 giant cockroaches (D:2)
  6 goblins
  10 hobgoblins
  5 kobolds
  A quokka (D:4)
  2 ball pythons (D:3)
  4 bats
  6 frilled lizards
  2 rats (D:1)
61 creatures vanquished.

Vanquished Creatures (others)
  A goblin (D:2)
1 creature vanquished.

Grand Total: 62 creatures vanquished

Notes
Turn   | Place    | Note
-------+----------+-------------------------------------------
     0 | D:1      | Mrkan the Minotaur Fighter began the quest for the Orb.
     0 | D:1      | Reached XP level 1. HP: 19/19 MP: 0/0
   134 | D:1      | Reached XP level 2. HP: 20/27 MP: 1/1
   943 | D:2      | Noticed a howler monkey
   954 | D:2      | Killed a howler monkey
   954 | D:2      | Reached XP level 3. HP: 19/33 MP: 2/2
  1027 | D:2      | Reached XP level 4. HP: 32/40 MP: 3/3
  1034 | D:2      | Reached skill level 3 in Long Blades
  1598 | D:3      | Noticed Sigmund
  1604 | D:3      | Noticed Mrkan's ghost (amateur GrFi)
  1609 | D:3      | Killed Sigmund
  1609 | D:3      | Reached skill level 4 in Long Blades
  1609 | D:3      | Reached skill level 5 in Armour
  1609 | D:3      | Reached XP level 5. HP: 25/47 MP: 4/4
  1615 | D:3      | Killed Mrkan's ghost
  1615 | D:3      | Reached skill level 5 in Long Blades
  1615 | D:3      | Reached skill level 1 in Dodging
  1615 | D:3      | Reached XP level 6. HP: 6/53 MP: 5/5
  1956 | D:3      | Noticed Natasha
  1959 | D:3      | Killed Natasha
  2003 | D:3      | Noticed Natasha
  2008 | D:3      | Killed Natasha
  2041 | D:3      | Noticed Natasha
  2046 | D:3      | Killed Natasha
  2051 | D:3      | Noticed Jessica
  2053 | D:3      | Noticed Terence
  2056 | D:3      | Killed Jessica
  2056 | D:3      | Reached skill level 5 in Shields
  2068 | D:3      | Killed Terence
  2068 | D:3      | Reached XP level 7. HP: 53/60 MP: 6/6
  2167 | D:3      | Noticed Ijyb
  2185 | D:3      | Killed Ijyb
  2185 | D:3      | Reached skill level 6 in Long Blades
  2832 | D:4      | Reached skill level 5 in Fighting
  2837 | D:4      | Slain by a gnoll

Skill      XL: |  1  2  3  4  5  6  7 |
---------------+----------------------+-----
Shields        | 4 5 |  5.2
Fighting       | 4 5 |  5.0
Armour         | 4 5 |  5.8
Long Blades    | 4 5 6 |  6.2
Dodging        | 1 |  1.1
Stealth        | |  0.2

Action                   |  1- 3 |  4- 6 |  7- 9 || total
-------------------------+-------+-------+-------++-------
Melee: Long sword        |    64 |    59 |    59 ||   182
       Headbutt          |     8 |    14 |     8 ||    30
  Use: Potion            |       |     1 |       ||     1
  Eat: Chunk             |       |     4 |     1 ||     5
       Ration            |       |       |     1 ||     1
Armor: Scale mail        |    29 |    21 |    17 ||    67
Dodge: Dodged            |    16 |    18 |    15 ||    49
Block: Shield            |    37 |    23 |    36 ||    96
       Rpst.: Long sword |     6 |     5 |     2 ||    13
